 Dungeon Crawl Stone Soup version 0.31-a0-1321-g5021b54cb2 (webtiles) character file.

Game seed: 1733429525022541095

149789 BlackBloode the Scorcher (level 16, -4/94 HPs)
             Began as a Deep Elf Conjurer on Dec 20, 2023.
             Was the Champion of Vehumet.
             Engulfed by a cloud of thunder (30 damage)
             ... on level 3 of the Elven Halls.
             The game lasted 01:45:00 (36999 turns).

BlackBloode the Scorcher (Deep Elf Conjurer)       Turns: 36999, Time: 01:45:01

Health: -4/94      AC: 17    Str:  3    XL:     16   Next: 97%
Magic:  7/37       EV: 19    Int: 38    God:    Vehumet [******]
Gold:   458        SH:  0    Dex: 17    Spells: 16/46 levels left

rFire   . . .        v - staff of fire
rCold   . . .        B - orb {mayhem}
rNeg    + + .        o - +2 robe "Boaxug" {rF- rN++ Int+2}
rPois   .            y - +2 hat
rElec   .            K - +2 cloak
rCorr   +            z - +2 pair of gloves
SInv    .            G - +2 pair of boots
Will    +....        M - amulet of faith
Stlth   ++           A - ring of wizardry
HPRegen 0.35/turn    t - ring of Sin {rCorr Dex+5}
MPRegen 0.25/turn

%: mayhem, faith, wizardry (x1)
@: studying Ice Magic
A: fangs 1, iridescent scales 1, clever 1
a: Renounce Religion


You were on level 3 of the Elven Halls.
You worshipped Vehumet.
Vehumet was exalted by your worship.
You visited 5 branches of the dungeon, and saw 26 of its levels.
You also visited: Ice Cave.

You collected 3148 gold pieces.
You spent 2690 gold pieces at shops.

Inventory:

Missiles
 D - 7 throwing nets
Armour
 g - a +2 robe of positive energy
 o - the +2 robe "Boaxug" (worn) {rF- rN++ Int+2}
   (You bought it in a shop on level 2 of the Orcish Mines)

   Int+2:     It affects your intelligence (+2).
   rF-:       It makes you vulnerable to fire.
   rN++:      It greatly protects you from negative energy.
 y - a +2 hat (worn)
 z - a +2 pair of gloves (worn)
 B - an orb of mayhem (worn)
 G - a +2 pair of boots (worn)
 K - a +2 cloak (worn)
 Q - a +0 buckler of protection
Magical Staves
 v - a staff of fire (weapon)
Jewellery
 b - a ring of willpower
 k - a ring of fire
 t - the ring of Sin (right hand) {rCorr Dex+5}
   (You found it on level 1 of the Lair of Beasts)

   [ring of resist corrosion]

   Dex+5:     It affects your dexterity (+5).
   rCorr:     It protects you from acid and corrosion.
 A - a ring of wizardry (left hand)
 M - an amulet of faith (around neck)
Wands
 n - a wand of digging (8)
 q - a wand of polymorph (18)
 s - a wand of charming (16)
 u - a wand of roots (15)
 E - a wand of flame (18)
 I - a wand of light (7)
 O - a wand of mindburst (11)
Scrolls
 d - 2 scrolls of brand weapon
 e - 2 scrolls of fog
 h - a scroll of poison
 j - a scroll of revelation
 l - 15 scrolls of identify
 J - 4 scrolls of teleportation
 L - 2 scrolls of enchant weapon
 N - 2 scrolls of fear
 R - a scroll of vulnerability
Potions
 c - 2 potions of berserk rage
 f - 5 potions of mutation
 m - a potion of enlightenment
 p - 3 potions of cancellation
 r - a potion of attraction
 w - a potion of haste
 x - 2 potions of lignification
 H - 3 potions of brilliance
 P - 3 potions of might
Miscellaneous
 C - a tin of tremorstones (1/2)
 F - a phial of floods (inert)


   Skills:
 - Level 8.5 Fighting
 - Level 12.3 Dodging
 - Level 2.4 Stealth
 + Level 15.5 Spellcasting
 * Level 18.3 Conjurations
 - Level 6.0 Hexes
 - Level 5.2 Translocations
 * Level 18.6 Fire Magic
 - Level 7.0 Air Magic


You had 16 spell levels left.
You knew the following spells:

 Your Spells              Type           Power      Damage    Failure   Level
a - Blink                 Tloc           100%       N/A       1%          2
b - Plasma Beam           Fire/Air       56%        2x1d72    1%          6
c - Fulminant Prism       Conj/Alch      39%        3d17      1%          4
d - Iskenderun's Mystic   Conj/Tloc      87%        2d17      1%          4
e - Fireball              Conj/Fire      65%        3d25      0%          5
h - Fire Storm            Conj/Fire      65%        8d16      6%          9

Your spell library contained the following spells:

 Spells                   Type           Power      Damage    Failure   Level
 Freezing Cloud           Conj/Ice/Air   38%        6-21      1%          5
 Foxfire                  Conj/Fire      100%       2x1d9     0%          1
 Magic Dart               Conj           100%       1d8       0%          1
 Shock                    Conj/Air       100%       1d9       0%          1
 Sting                    Conj/Alch      100%       1d9       0%          1
 Scorch                   Fire           100%       2d9       0%          2
 Searing Ray              Conj           100%       2d8       0%          2
 Dazzling Flash           Conj/Hex       100%       N/A       0%          3
 Flame Wave               Conj/Fire      100%       2d21      0%          4
 Slow                     Hex            100%       N/A       1%          1
 Call Imp                 Summ           58%        N/A       1%          2
 Ensorcelled Hibernation  Hex/Ice        100%       N/A       1%          2
 Jinxbite                 Hex            100%       N/A       1%          2
 Mercury Vapours          Alch/Air       100%       N/A       1%          2
 Passwall                 Alch/Erth      24%        N/A       1%          2
 Confusing Touch          Hex            66%        N/A       1%          3
 Ozocubu's Armour         Ice            29%        N/A       1%          3
 Sigil of Binding         Hex            66%        N/A       1%          3
 Swiftness                Air            70%        N/A       1%          3
 Vampiric Draining        Necr           29%        2d8       1%          3
 Airstrike                Air            35%        2d(5-21)  1%          4
 Anguish                  Hex/Necr       25%        N/A       1%          4
 Cause Fear               Hex            33%        N/A       1%          4
 Olgreb's Toxic Radiance  Alch           29%        N/A       1%          4
 Sticky Flame             Fire/Alch      100%       2d15      1%          4
 Summon Lightning Spire   Summ/Air       54%        N/A       1%          4
 Vhi's Electric Charge    Tloc/Air       100%       N/A       1%          4
 Arcjolt                  Conj/Air       45%        1d55      1%          5
 Starburst                Conj/Fire      65%        6d17      1%          6
 Lee's Rapid Deconstruct  Erth           14%        3d9*      3%          5
 Animate Armour           Summ/Erth      58%        N/A       4%          4
 Enfeeble                 Hex            33%        N/A       32%         7
 Maxwell's Capacitive Co  Air            35%        ∞         36%         8
 Chain Lightning          Conj/Air       45%        3d60      47%         9
 Summon Cactus Giant      Summ           14%        N/A       54%         6
 Ozocubu's Refrigeration  Ice            14%        4d10      58%         7
 Shatter                  Erth           14%        3d14*     99%         9
 Dragon's Call            Summ           14%        N/A       100%        9


Dungeon Overview and Level Annotations

Branches:
Dungeon (15/15)            Temple (1/1) D:4            Lair (5/5) D:11
  Swamp (0/4) Lair:3        Snake (0/4) Lair:2        Slime (0/5) Lair:4
    Orc (2/2) D:9             Elf (3/3) Orc:2        Vaults (0/5) D:14
 Depths (0/4) D:15          IceCv (visited)

Altars:
Ashenzari
Cheibriados
Dithmenos
Elyvilon
Fedhas
Gozag
Hepliaklqana
Kikubaaqudgha
Makhleb
Nemelex Xobeh
Okawaru
Qazlal
Ru
Sif Muna
Trog
Uskayaw
Vehumet
Wu Jian
Xom
Yredelemnul
Zin
The Shining One
Jiyva
Lugonu

Shops:
D:1 :   D:4 =   D:9 *   D:14 (   Orc:2 ([:*(   Elf:1 [   Elf:2 *

Portals:
Abyss: Lair:5
Trove: D:13 (give +5 demon trident)

Annotations:
Elf:2 3 runed translucent doors


Innate Abilities, Weirdness & Mutations

You have very sharp teeth.
You are partially covered in iridescent scales. (AC +2)
Your mind is acute. (Int +4, Str/Dex -1)


Message History

Casting: Fireball (safe; 0% risk of failure)
Confirm with . or Enter, or press ? or * to list all spells.
Aiming: Fireball (safe; 0% risk of failure)
Press: ? - help, Shift-Dir - straight line, f/p - Bai Suzhen
Aim: Bai Suzhen (almost dead, surrounded by thunder, catching her breath)
You feel a surge of power!
The fireball explodes!
The fireball engulfs Bai Suzhen!!
Bai Suzhen is almost dead.
You hear some strange, mumbled words.
Bai Suzhen is engulfed in a cloud of scalding steam.
Unknown command.
Unknown command.
Casting: Fireball (safe; 0% risk of failure)
Confirm with . or Enter, or press ? or * to list all spells.
Aiming: Fireball (safe; 0% risk of failure)
Press: ? - help, Shift-Dir - straight line, p - Bai Suzhen You feel a surge of power!
The fireball explodes!
The fireball engulfs Bai Suzhen!
Bai Suzhen is almost dead.
You are engulfed in a thunderstorm.
Bai Suzhen bites you!
Bai Suzhen claws you but does no damage.
Bai Suzhen tramples you.
* * * LOW HITPOINT WARNING * * *
You stumble backwards!
Unknown command.
Unknown command.
Casting: Fireball (safe; 0% risk of failure)
Confirm with . or Enter, or press ? or * to list all spells.
You erupt in a blast of force!
The mystic blast hits Bai Suzhen!
You kill Bai Suzhen!
Vehumet accepts your kill.
You feel your power returning.
The storm dragon scales {Bai Suzhen} are intact enough to wear.
Casting: Iskenderun's Mystic Blast (safe; 1% risk of failure)
Confirm with . or Enter, or press ? or * to list all spells.
Aiming: Fireball (safe; 0% risk of failure)
Press: ? - help, Shift-Dir - straight line You feel a surge of power!
The fireball explodes!
The fireball engulfs something!!!
You are engulfed in a thunderstorm.
You die...

#..............
#...###'#####+##
#...#...........
#..{#...........
#<§§#...........
#§§§#...#+######
#~§§#...+......
#..[#...#......
#..@#...#..####
#...#...# .#
#...#...# .#
#...#...# #
#...#...#
#...#...#
#...'...#
#...#...#
#...#...#


There were no monsters in sight!

Vanquished Creatures
  Bai Suzhen (Elf:3)
  Donald (Orc:2)
  The ghost of Fenymij the Warrior, an adept KoBr of Dithmenos (D:14)
  An orc warlord (Orc:2)
  A deep elf death mage (Elf:2)
  Josephine (Lair:3)
  Harold (D:11)
  Erolcha (D:12)
  3 vault guards (D:14)
  A catoblepas (D:13)
  4 hydras
  An ogre mage (D:15)
  14 two-headed ogres
  2 centaur warriors
  7 boulder beetles
  A deep troll earth mage (D:15)
  11 dancing weapons
  16 death yaks
  4 thrashing horrors (Lair:5)
  5 tengu warriors
  A demonic crawler (Lair:5)
  An occultist (D:15)
  Nergalle (D:11)
  A shock serpent (shapeshifter) (Elf:1)
  10 deep elf knights
  3 orc high priests (Orc:2)
  10 deep elf archers
  A bog body (Lair:3)
  An arcanist (D:14)
  Pikel (D:8)
  15 deep elf zephyrmancers
  3 necromancers (D:14)
  3 orc knights (Orc:2)
  12 deep elf pyromancers
  7 cyclopes
  3 orc sorcerers
  15 ugly things
  A kobold blastminer (Orc:2)
  A salamander (Lair:2)
  2 ice statues (IceCv)
  6 elephants (Lair:3)
  3 black mambas
  5 smoke demons (Lair:5)
  Joseph (D:9)
  Maggie (D:6)
  A torpor snail (Lair:1)
  3 gargoyles
  13 cane toads
  An unseen horror (D:13)
  2 kobold demonologists
  2 rime drakes
  2 yaktaurs
  An anaconda simulacrum (IceCv)
  6 komodo dragons
  Psyche (D:9)
  A freezing wraith (D:15)
  A merfolk (D:8)
  12 trolls
  A meliai (D:11)
  3 hornets
  7 dream sheep
  14 blink frogs
  2 raiju (Lair:5)
  9 slime creatures
  12 small abominations (Lair:5)
  2 spriggans (shapeshifter)
  2 air elementals
  5 shadows
  A vampire (D:11)
  3 ynoxinuls (Lair:5)
  3 water elementals
  A spriggan (Lair:5)
  6 wyverns
  11 humans (D:14)
  10 basilisks
  Grum (D:11)
  42 yaks
  4 fire elementals
  3 steam dragons
  4 wargs (Orc:2)
  11 wraiths
  6 vampire mosquitoes
  Edmund (D:5)
  A chaos spawn (Lair:5)
  3 swamp worms (Lair:5)
  4 acid dragons
  15 water moccasins
  24 orc warriors
  4 ice beasts (D:11)
  4 sky beasts
  A crocodile (D:7)
  9 wolves
  9 ogres
  12 centaurs
  3 phantoms
  12 bullfrogs
  An earth elemental (Elf:1)
  5 gnoll sergeants
  5 kobold brigands
  2 scorpions
  12 wights
  7 killer bees
  8 howler monkeys
  6 lava snakes (Lair:2)
  2 jellies
  10 orc priests
  2 hounds (D:5)
  3 sleepcaps (D:7)
  4 iguanas
  31 orc wizards
  3 wolf simulacra (IceCv)
  27 gnolls
  7 adders
  A shadow imp (D:5)
  A white imp (D:7)
  A worm (D:2)
  3 dart slugs
  67 orcs
  5 ball pythons
  5 bats
  5 bat zombies (D:12)
  8 endoplasms
  4 giant cockroaches
  7 goblins
  6 hobgoblins
  4 jackals (D:2)
  11 kobolds
  A quokka (D:1)
  4 frilled lizards
  7 rats
  2 rat zombies (D:12)
  A fulminant prism (D:7)
774 creatures vanquished.

Vanquished Creatures (collateral kills)
  An ogre mage (D:15)
  3 deep elf knights (Elf:1)
  2 deep elf pyromancers
  An orc knight (D:15)
  2 ugly things
  A manticore (D:15)
  3 meliai (D:14)
  A troll (D:12)
  A hornet (D:15)
  A slime creature (D:14)
  2 yaks (D:12)
  A human (D:14)
  A vampire mosquito (D:14)
  An ogre (D:15)
  A centaur (D:12)
  2 orc wizards (D:12)
  2 orcs (D:12)
  2 fulminant prisms (Elf:1)
28 creatures vanquished.

Vanquished Creatures (others)
  A deep elf knight (Elf:2)
  A deep elf pyromancer (Elf:1)
  A necromancer (D:14)
  An ugly thing (D:15)
  3 humans (D:14)
  2 vampire mosquitoes
  An orc warrior (D:12)
  A centaur (D:12)
  An orc (D:9)
  204 fulminant prisms
216 creatures vanquished.

Grand Total: 1018 creatures vanquished

Notes
Turn   | Place    | Note
-------+----------+-------------------------------------------
     0 | D:1      | BlackBloode the Deep Elf Conjurer began the quest for the
                  | Orb.
     0 | D:1      | Reached XP level 1. HP: 10/10 MP: 6/6
   238 | D:1      | Found Qyadued's Book Boutique.
   247 | D:1      | Reached XP level 2. HP: 16/16 MP: 5/8
   716 | D:1      | Found a faded altar of an unknown god.
   816 | D:2      | Reached XP level 3. HP: 20/20 MP: 7/9
  1150 | D:2      | Found a bloodstained altar of Trog.
  1157 | D:2      | Reached skill level 1 in Fighting
  1157 | D:2      | Reached skill level 5 in Conjurations
  1574 | D:2      | Reached XP level 4. HP: 25/25 MP: 6/11
  1936 | D:3      | Noticed a centaur
  1944 | D:3      | Reached XP level 5. HP: 6/33 MP: 12/17
  1950 | D:3      | Gained mutation: You expend magic power (3 MP) to
                  | strengthen your wands. [potion of mutation]
  1950 | D:3      | Gained mutation: Armour fits poorly on your strangely
                  | shaped body. [potion of mutation]
  1950 | D:3      | Gained mutation: You are partially covered in iridescent
                  | scales. (AC +2) [potion of mutation]
  1950 | D:3      | Gained mutation: You have very sharp teeth. [potion of
                  | mutation]
  1954 | D:3      | Killed a centaur
  1974 | D:3      | Learned a level 1 spell: Magic Dart
  1977 | D:3      | Learned a level 2 spell: Searing Ray
  1982 | D:3      | Learned a level 4 spell: Fulminant Prism
  2146 | D:3      | Reached XP level 6. HP: 39/39 MP: 14/18
  2152 | D:3      | Reached skill level 1 in Hexes
  3142 | D:4      | Found a staircase to the Ecumenical Temple.
  3220 | Temple   | Entered the Ecumenical Temple
  3239 | Temple   | Became a worshipper of Vehumet
  3326 | D:4      | Found Metytheh's Jewellery Boutique.
  3377 | D:4      | Reached XP level 7. HP: 37/44 MP: 14/20
  3569 | D:4      | Found a sacrificial altar of Ru.
  3720 | D:5      | Entered Level 5 of the Dungeon
  3723 | D:5      | Noticed Edmund
  3865 | D:5      | Reached skill level 5 in Hexes
  3964 | D:5      | Reached * piety under Vehumet
  3964 | D:5      | Offered knowledge of Shock by Vehumet.
  4204 | D:5      | Killed Edmund
  4319 | D:5      | Identified the +4 hand axe of Mutilation {flame, *Corrode
                  | Will++}
  4576 | D:5      | Reached XP level 8. HP: 48/48 MP: 12/21
  5139 | D:6      | Reached skill level 10 in Conjurations
  5204 | D:6      | Noticed Maggie
  5225 | D:6      | Killed Maggie
  5996 | D:7      | Reached XP level 9. HP: 53/53 MP: 11/23
  6004 | D:7      | Reached skill level 5 in Fighting
  6128 | D:7      | Found a broken altar of Ashenzari.
  6131 | D:7      | Found a stormy altar of Qazlal.
  6175 | D:7      | Noticed a two-headed ogre
  6380 | D:7      | Offered knowledge of Freeze by Vehumet.
  6386 | D:7      | Learned a level 4 spell: Iskenderun's Mystic Blast
  6400 | D:7      | Noticed a gargoyle
  6403 | D:7      | Killed a gargoyle
  6403 | D:7      | Reached ** piety under Vehumet
  6910 | D:7      | Killed a two-headed ogre
  6911 | D:7      | Reached skill level 5 in Translocations
  6911 | D:7      | Reached XP level 10. HP: 59/59 MP: 12/25
  7113 | D:7      | Noticed a two-headed ogre
  7137 | D:7      | Killed a two-headed ogre
  7713 | D:1      | Bought a book of the Dragon for 462 gold pieces
  7719 | D:1      | Learned a level 5 spell: Fireball
  7978 | D:8      | Reached skill level 1 in Fire Magic
  8178 | D:8      | Offered knowledge of Hailstorm by Vehumet.
  8213 | D:8      | Identified the +9 halberd of the Impish God {heavy, rF+}
  8293 | D:8      | Reached *** piety under Vehumet
  8324 | D:8      | Found an opulent altar of Gozag.
  8731 | D:8      | Noticed Pikel
  8734 | D:8      | Killed Pikel
  8735 | D:8      | Reached skill level 5 in Fire Magic
  9451 | D:9      | Noticed a two-headed ogre
  9453 | D:9      | Killed a two-headed ogre
  9454 | D:9      | Reached XP level 11. HP: 64/64 MP: 17/26
  9715 | D:9      | Noticed a cyan ugly thing
  9722 | D:9      | Noticed a five-headed hydra
  9725 | D:9      | Killed a five-headed hydra
  9725 | D:9      | Killed a cyan ugly thing
  9944 | D:9      | Offered knowledge of Airstrike by Vehumet.
 10138 | D:9      | Reached **** piety under Vehumet
 10198 | D:9      | Found a staircase to the Orcish Mines.
 10257 | D:9      | Found Litz's General Store.
 10265 | D:9      | Bought a scroll of identify for 24 gold pieces
 10265 | D:9      | Bought a scroll of identify for 24 gold pieces
 10340 | D:9      | Offered knowledge of Flame Wave by Vehumet.
 10340 | D:9      | Noticed a two-headed ogre
 10344 | D:9      | Killed a two-headed ogre
 10345 | D:9      | Reached skill level 10 in Fire Magic
 10639 | D:9      | Noticed a two-headed ogre
 10642 | D:9      | Noticed Joseph
 10643 | D:9      | Killed a two-headed ogre
 10666 | D:9      | Killed Joseph
 11239 | D:9      | Noticed Psyche
 11246 | D:9      | Killed Psyche
 11313 | D:10     | Entered Level 10 of the Dungeon
 11471 | D:10     | Reached ***** piety under Vehumet
 11593 | D:9      | Learned a level 4 spell: Flame Wave
 11596 | D:10     | Offered knowledge of Sticky Flame by Vehumet.
 11849 | D:10     | Reached XP level 12. HP: 63/68 MP: 19/27
 12253 | D:10     | Identified the +5 falchion "Wigioluc" {pain, *Rage +Blink
                  | rElec rCorr}
 12364 | D:11     | Noticed Grum
 12367 | D:11     | Killed Grum
 12413 | D:11     | Noticed a two-headed ogre
 12580 | D:11     | Noticed a boulder beetle
 12681 | D:11     | Noticed a boulder beetle
 12696 | D:10     | Killed a boulder beetle
 12810 | D:11     | Noticed a two-headed ogre
 12814 | D:11     | Killed a two-headed ogre
 12868 | D:11     | Reached skill level 10 in Spellcasting
 13191 | D:11     | Noticed Nergalle
 13194 | D:11     | Killed Nergalle
 13319 | D:11     | Killed a two-headed ogre
 13532 | D:11     | Noticed a boulder beetle
 13870 | D:11     | Noticed Harold
 14262 | D:10     | Learned a level 4 spell: Sticky Flame
 14327 | D:11     | Killed a boulder beetle
 14334 | D:11     | Killed Harold
 14979 | D:11     | Found a staircase to the Lair.
 15266 | D:11     | Killed a boulder beetle
 15389 | Lair:1   | Entered Level 1 of the Lair of Beasts
 15683 | Lair:1   | Reached XP level 13. HP: 76/76 MP: 7/29
 15998 | Lair:1   | Identified the ring of Sin {rCorr Dex+5}
 16043 | Lair:1   | Reached skill level 10 in Dodging
 17153 | Lair:2   | Identified the +2 hand axe of Contradiction {elec, *Noise
                  | rElec rPois SInv}
 17592 | Lair:2   | Found a staircase to the Snake Pit.
 19437 | Lair:3   | Noticed Josephine
 19440 | Lair:3   | Killed Josephine
 19528 | Lair:3   | Found a staircase to the Swamp.
 20695 | Lair:4   | Reached XP level 14. HP: 61/82 MP: 29/32
 20695 | Lair:4   | Offered knowledge of Bombard by Vehumet.
 20944 | Lair:4   | Found a viscous altar of Jiyva.
 20944 | Lair:4   | Found a staircase to the Slime Pits.
 21238 | Lair:5   | Entered Level 5 of the Lair of Beasts
 21357 | Lair:5   | Reached skill level 15 in Fire Magic
 22145 | Lair:5   | Reached skill level 15 in Conjurations
 22301 | Lair:5   | Identified the +0 leather armour "Cirhuvve" {rCorr}
 22396 | Lair:5   | Found a corrupted altar of Lugonu.
 22396 | Lair:5   | Found a one-way gate to the infinite horrors of the Abyss.
 23548 | Lair:5   | Identified a scroll of acquirement
 23550 | Lair:5   | Acquired 825 gold pieces
 24021 | Orc:1    | Entered Level 1 of the Orcish Mines
 24053 | D:9      | Offered knowledge of Arcjolt by Vehumet.
 24433 | Orc:2    | Entered Level 2 of the Orcish Mines
 24627 | Orc:2    | Noticed an orc warlord
 24794 | Orc:2    | Found Apnet's Antique Weapon Boutique.
 24818 | Orc:2    | Noticed Donald
 24849 | Orc:2    | Killed Donald
 25129 | Orc:2    | Reached XP level 15. HP: 89/89 MP: 31/34
 25709 | Orc:2    | Found Ahuup's Antique Armour Emporium.
 25717 | Orc:2    | Bought a crude robe for 131 gold pieces
 25717 | Orc:2    | Identified the +2 robe "Boaxug" {rF- rN++ Int+2} (You
                  | bought it in a shop on level 2 of the Orcish Mines)
 25751 | Orc:2    | Found Ketrom's Book Shoppe.
 25758 | Orc:2    | Bought a book of Annihilations for 900 gold pieces
 25769 | Orc:2    | Learned a level 9 spell: Fire Storm
 25776 | Orc:2    | Learned a level 6 spell: Starburst
 25782 | Orc:2    | Found Rilut's Antique Weapon Emporium.
 25825 | Orc:2    | Found a shimmering blue altar of Sif Muna.
 25961 | Orc:2    | Found Nioc's General Store.
 25969 | Orc:2    | Bought a potion of magic for 120 gold pieces
 26041 | Orc:2    | Found a staircase to the Elven Halls.
 26260 | Orc:2    | Upgraded the game from 0.31-a0-1308-ga3cce3a448 to
                  | 0.31-a0-1321-g5021b54cb2
 26571 | Orc:2    | Bought a pair of glowing gloves for 172 gold pieces
 26581 | Orc:2    | Bought a pair of boots for 103 gold pieces
 26650 | D:9      | Bought a +0 cloak for 54 gold pieces
 26792 | D:4      | Bought an amulet of faith for 400 gold pieces
 27267 | Elf:1    | Entered Level 1 of the Elven Halls
 27401 | Elf:1    | Paralysed by an air elemental for 1 turns
 27946 | Elf:1    | Offered knowledge of Irradiate by Vehumet.
 28994 | Elf:1    | Found Fuvusch's Armour Shop.
 29520 | Elf:1    | Lost mutation: You are partially covered in iridescent
                  | scales. (AC +2) [potion of mutation]
 29520 | Elf:1    | Lost mutation: Armour fits poorly on your strangely shaped
                  | body. [potion of mutation]
 29520 | Elf:1    | Lost mutation: You expend magic power (3 MP) to strengthen
                  | your wands. [potion of mutation]
 29520 | Elf:1    | Gained mutation: Your mind is acute. (Int +4, Str/Dex -1)
                  | [potion of mutation]
 29520 | Elf:1    | Gained mutation: You are partially covered in iridescent
                  | scales. (AC +2) [potion of mutation]
 29790 | D:12     | Found a frozen archway.
 29797 | IceCv    | Entered an ice cave
 29907 | IceCv    | Found a transporter.
 29914 | IceCv    | Found a transporter.
 30374 | D:12     | Noticed Erolcha
 30378 | D:12     | Killed Erolcha
 30553 | D:12     | Found an ancient bone altar of Kikubaaqudgha.
 30700 | D:12     | Offered knowledge of Eringya's Noxious Bog by Vehumet.
 31337 | D:13     | Found a portal to a secret trove of treasure.
 31587 | D:13     | Found a shadowy altar of Dithmenos.
 31862 | D:13     | Reached XP level 16. HP: 94/94 MP: 31/36
 32562 | D:14     | Found Utuikh's Weapon Emporium.
 32585 | D:14     | Found a runed translucent gate.
 32585 | D:14     | Found a runed translucent gate.
 32585 | D:14     | Found a runed translucent gate.
 32590 | D:14     | Noticed Fenymij's ghost (adept KoBr)
 32867 | D:14     | Reached ****** piety under Vehumet
 33133 | D:14     | Reached skill level 15 in Spellcasting
 33134 | D:14     | Offered knowledge of Freezing Cloud by Vehumet.
 33411 | D:14     | Found a burning altar of Makhleb.
 33554 | D:14     | Found a gate to the Vaults.
 33916 | D:1      | Bought a book of Minor Magic for 176 gold pieces
 33919 | D:1      | Learned a level 2 spell: Blink
 34155 | D:15     | Entered Level 15 of the Dungeon
 34216 | D:14     | Killed Fenymij's ghost
 34342 | D:15     | Learned a level 6 spell: Plasma Beam
 34461 | D:15     | Reached skill level 1 in Air Magic
 34699 | D:15     | Reached skill level 5 in Air Magic
 34713 | D:15     | Found a stormy altar of Qazlal.
 35078 | D:15     | Found a staircase to the Depths.
 35178 | D:15     | Identified the +2 orcbow of Fan Qoku {freeze, Str+3}
 36507 | Elf:2    | Found a runed translucent gate.
 36507 | Elf:2    | Found a runed translucent gate.
 36512 | Elf:2    | Found a runed translucent gate.
 36555 | Elf:2    | HP: 4/94 [burnt (15)]
 36755 | Elf:2    | Found Qazaliow's Assorted Antiques.
 36761 | Elf:2    | Bought a scroll of amnesia for 124 gold pieces
 36850 | Elf:3    | Entered Level 3 of the Elven Halls
 36869 | Elf:3    | Paralysed by an air elemental for 1 turns
 36986 | Elf:3    | Noticed Bai Suzhen
 36998 | Elf:3    | Killed Bai Suzhen
 36999 | Elf:3    | Engulfed by a cloud of thunder

Illustrated notes

Levels and vault maps discovered:
D:1:      grunt_arrival_lava_bath, layout_rooms,
          hellmonk_ecumenical_altar_inner_sanctum, serial_shops,
          nicolae_shop_stone
D:2:      layout_basic, basic_altar
D:3:      layout_basic
D:4:      layout_rooms, nicolae_ru_awakened_eye,
          minmay_temple_entry_antechambers, serial_shops, shop,
          wad_floor_pattern_untrapped, nicolae_underground_beach
D:5:      layout_loops_corners, uniq_edmund
D:6:      layout_basic, uniq_maggie
D:7:      regret_index_malice_mire, layout_loops_cross,
          nicolae_overflow_hidden_temple, kennysheep_cross_bottleneck
D:8:      layout_loops_corners, roadster_trireme, uniq_pikel
D:9:      nzn_winding_woodlands_three_and_one
          [nzn_winding_woodlands_5x15_parted,
          nzn_winding_woodlands_5x15_pockets,
          nzn_winding_woodlands_5x15_sawtooth,
          nzn_winding_woodlands_center_triple_pond], layout_stronghold,
          kennysheep_orc_monster_closet_entryway, serial_shops,
          nicolae_shop_crystal, grunt_ministairs_6, uniq_joseph, uniq_psyche
D:10:     layout_loops_cross
D:11:     cheibrodos_fzero, layout_basic, hellmonk_lair_entry_icy, uniq_harold,
          uniq_nergalle, uniq_grum
D:12:     minmay_box_of_statues, layout_rooms, portal_ice_cave_entry_pillars_1,
          minivault_5, nrook_loot_triangle, lemuel_zombie_altar_kikubaaqudgha,
          uniq_erolcha
D:13:     layout_gridville, enter_trove_2, grunt_dithmenos_shadows
D:14:     layout_cave_pools, grunt_vaults_entry_tiered, serial_shops,
          nicolae_shop_peninsula, bloody_makhleb, ebering_ghost_rock_garden,
          serial_park_tiny_pond
D:15:     hellmonk_depths_entry_around_the_bend, layout_gridville,
          hangedman_decor_diamond_cutter, nicolae_qazlal_scattered_showers
Temple:   compressed_dpeg_triangle_lava_temple
Lair:1:   layout_hall_layers
Lair:2:   layout_gridlike, nicolae_snake_entry_warm_welcome,
          lemuel_fruit_fields, infiniplex_staircase_pool_2
Lair:3:   layout_chaotic_city, skrybe_swamp_entry_bodies, uniq_josephine
Lair:4:   layout_roguey, slime_entry_1, grunt_megastairs_2
Lair:5:   hellmonk_lair_end_abyssal_woods, layout_small_grid, worms_lemuel
Orc:1:    layout_caves
Orc:2:    grunt_orc_gardens, layout_caves, grunt_orc_garden, grunt_orc_garden,
          grunt_orc_garden, grunt_orc_garden, serial_shops, shop,
          nicolae_orc_bridge_out, kennysheep_orc_sif_temple, uniq_donald
Elf:1:    eino_elf_arrival_shootout, layout_loops_corners, minivault_28,
          nicolae_take_the_stairs
Elf:2:    elven_hall_of_blades_hangedman_original
          [nicolae_vaults_blade_armed_guards], layout_loops_ring, serial_shops,
          shop_fountains
Elf:3:    elf_hall, layout_onion_city, uniq_bai_suzhen

Skill      XL: |  1  2  3  4  5  6  7  8  9 10 11 12 13 14 15 16 |
---------------+-------------------------------------------------+-----
Fighting       | 1 4 5 6 7 8 |  8.5
Dodging        | 3 6 7 8 9 11 12 | 12.3
Conjurations   | 5 9 10 11 12 14 15 17 18 | 18.3
Spellcasting   | 7 8 9 10 12 13 14 15 | 15.5
Hexes          | 3 6 |  6.0
Translocations | 5 |  5.2
Fire Magic     | 6 12 13 14 15 17 18 | 18.6
Air Magic      | 7 |  7.0
Stealth        | |  2.4

Action                     |  1- 3 |  4- 6 |  7- 9 | 10-12 | 13-15 | 16-18 || total
---------------------------+-------+-------+-------+-------+-------+-------++-------
  Melee: Unarmed           |     2 |       |       |       |       |       ||     2
         Dagger            |       |     8 |     2 |       |       |       ||    10
         Punch             |       |     1 |     1 |       |     1 |       ||     3
         Bite              |       |     1 |       |     8 |     7 |     1 ||    17
         Flail             |       |       |    15 |    19 |       |       ||    34
         Staff             |       |       |       |    16 |    30 |     3 ||    49
   Cast: Magic Dart        |    63 |   111 |    24 |     1 |     4 |       ||   203
         Searing Ray       |       |     2 |    20 |    17 |     9 |       ||    48
         Fulminant Prism   |       |     1 |    54 |    47 |    87 |    18 ||   207
         Fireball          |       |       |       |   146 |   281 |    74 ||   501
         Iskenderun's Myst |       |       |       |    21 |    85 |    13 ||   119
         Sticky Flame      |       |       |       |     1 |       |       ||     1
         Flame Wave        |       |       |       |       |     9 |       ||     9
         Starburst         |       |       |       |       |    35 |     6 ||    41
         Plasma Beam       |       |       |       |       |       |    57 ||    57
         Blink             |       |       |       |       |       |     1 ||     1
  Evoke: Tin of tremorston |       |       |       |     4 |     3 |     2 ||     9
         Wand              |       |       |       |    16 |    10 |       ||    26
         Phial of floods   |       |       |       |       |       |     1 ||     1
    Use: Potion            |       |     4 |     2 |    13 |     9 |     5 ||    33
         Scroll            |       |     8 |     5 |     8 |    17 |     6 ||    44
 Armour: Robe              |     5 |    20 |    35 |    64 |   130 |    31 ||   285
         Skin              |       |     1 |       |     8 |       |       ||     9
  Dodge: Dodged            |     3 |    30 |    51 |    87 |   129 |    19 ||   319

Table legend: (Time is in decaauts)
 A = Elapsed time spent in this place.
 B = Non-inter-level travel time spent in this place.
 C = Inter-level travel time spent in this place.
 D = Time resting spent in this place.
 E = Time spent auto-exploring this place.
 F = Levels seen in this place.
 G = Mean time per level.
                   A        B        C        D        E       F      G
               +--------+--------+--------+--------+--------+-----+--------+
         Total |  37130 |  33755 |   3375 |  12951 |  15712 |  27 | 1375.2 |
       Dungeon |  22321 |  19700 |   2621 |   6722 |   9959 |  15 | 1488.1 |
        Temple |     42 |     42 |      0 |      0 |      0 |   1 |   42.0 |
          Lair |   8479 |   8019 |    460 |   3355 |   3630 |   5 | 1695.8 |
  Orcish Mines |   2348 |   2122 |    226 |    948 |    827 |   2 | 1174.0 |
   Elven Halls |   3745 |   3678 |     67 |   1829 |   1291 |   3 | 1248.3 |
      Ice Cave |    191 |    191 |      0 |     96 |      4 |   1 |  191.0 |
               +--------+--------+--------+--------+--------+-----+--------+

Top non-repeatable levels by time:
     D:9: 2584 daAuts
   Elf:1: 2319 daAuts
    D:11: 2230 daAuts
  Lair:5: 2091 daAuts
  Lair:3: 2059 daAuts
    D:10: 2032 daAuts
     D:8: 1842 daAuts
  Lair:2: 1762 daAuts
     D:7: 1733 daAuts
    D:14: 1619 daAuts
    D:12: 1535 daAuts
     D:5: 1525 daAuts
     D:4: 1468 daAuts
  Lair:4: 1320 daAuts
   Elf:2: 1276 daAuts
